 Dungeon Crawl Stone Soup version 0.27.1-33-g824d729ab1 (webtiles) character file.

Game seed: 3879043828331718739

4 EWolf27 the Sneak (level 1, 0/9 HPs)
             Began as a Spriggan Enchanter on Dec 17, 2021.
             Slain by a kobold (4 damage)
             ... on level 1 of the Dungeon.
             The game lasted 00:01:51 (204 turns).

EWolf27 the Sneak (Spriggan Enchanter)               Turns: 204, Time: 00:01:52

Health: 0/9        AC:  2    Str:  4    XL:     1   Next: 50%
Magic:  5/5        EV: 17    Int: 16    God:
Gold:   17         SH:  0    Dex: 15    Spells: 4/5 levels left

rFire    . . .     SeeInvis +   a - +1 dagger
rCold    . . .     Faith    .   (shield restricted)
rNeg     . . .     Spirit   .   b - +0 robe
rPois    .         Reflect  .   (helmet restricted)
rElec    .         Harm     .   (no cloak)
rCorr    .         Rampage  .   (gloves unavailable)
Will     .....                  (boots unavailable)
Stlth    +++.......             (no amulet)
HPRegen  0.03/turn              (no ring)
MPRegen  0.09/turn              (no ring)

@: very quick
A: very small, no large weapons, unfitting armour, see invisible, speed 3
a: no special abilities


You were on level 1 of the Dungeon.
You visited 1 branch of the dungeon, and saw 1 of its levels.

You collected 17 gold pieces.

Inventory:

Hand Weapons
 a - a +1 dagger (weapon)
Armour
 b - a +0 robe (worn)


   Skills:
 - Level 1.1 Short Blades
 + Level 2.8 Dodging
 + Level 4.5 Stealth
 + Level 2.8 Spellcasting
 + Level 3.7 Hexes


You had 4 spell levels left.
You knew the following spells:

 Your Spells              Type           Power      Damage    Failure   Level
a - Corona                Hex            15%        N/A       4%          1

Your spell library contained the following spells:

 Spells                   Type           Power      Damage    Failure   Level
 Confusing Touch          Hex            14%        N/A       12%         3
 Tukima's Dance           Hex            14%        N/A       12%         3
 Ensorcelled Hibernation  Hex/Ice        16%        N/A       14%         2
 Dazzling Flash           Conj/Hex       16%        N/A       26%         3


Dungeon Overview and Level Annotations

Branches:
Dungeon (1/15)

Altars:


Innate Abilities, Weirdness & Mutations

You are very small and have problems with some larger weapons.
You are too small for most types of armour.
You have supernaturally acute eyesight. (SInv)
You cover ground extremely quickly. (Speed+++)


Message History

The ball python is severely wounded.
The ball python misses you. The ball python constricts you.
You hit the ball python but do no damage.
The ball python is severely wounded.
The ball python misses you. The ball python constricts you.
You barely miss the ball python.
The ball python is severely wounded.
The ball python closely misses you. The ball python constricts you.
You hit the ball python.
You kill the ball python!
No target in view!
You start resting.
Magic restored.
You start resting.
HP restored.
Found 2 gold pieces.
You now have 17 gold pieces (gained 2).
A kobold comes into view. It is wielding a +0 dagger.
The kobold shouts!
You hear an angry hiss.
The kobold throws a stone.
The stone hits you but does no damage.
A hobgoblin comes into view.
A ball python comes into view.
Found a scroll labelled NEN QENOASACIT.
You barely miss the hobgoblin.
The hobgoblin shouts!
The ball python hisses angrily.
The kobold hits you with a +0 dagger.
A rat comes into view.
A rat comes into view.
An endoplasm comes into view.
Found a book of Cantrips.
A dart slug comes into view.
The endoplasm quivers.
An endoplasm is nearby!
You start resting.
An endoplasm is nearby!
The kobold throws a stone.
The stone misses you. The kobold hits you with a +0 dagger.
You hit the kobold.
The kobold is severely wounded.
The kobold hits you with a +0 dagger.
You die...

.........##S###.#
........##...##.#
............>#..#
..###..#.....#.##
....##S......#.#
.##..........#.#
#########......#
# #......#######
#......K@....#
#####.######.#
### ♣♣♣.♣♣♣♣♣
♣<......♣


♣.PPPPP.♣ ♣.P≈≈≈P.♣ ♣.P≈8≈P.♣ ♣.P≈≈≈P.♣ ♣.PPPPP.♣ You could see a kobold.

Vanquished Creatures
  2 ball pythons (D:1)
  A quokka (D:1)
3 creatures vanquished.

Notes
Turn   | Place    | Note
-------+----------+-------------------------------------------
     0 | D:1      | EWolf27 the Spriggan Enchanter began the quest for the Orb.
     0 | D:1      | Reached XP level 1. HP: 9/9 MP: 5/5
   204 | D:1      | Slain by a kobold

Illustrated notes

Levels and vault maps discovered:
D:1:      tarquinn_simple_flora_water_a, layout_rooms,
          ebering_ecumenical_altar_webs, minmay_misc_feat_square

Action                   || total
-------------------------++-------
Melee: Dagger            ||    18
 Cast: Corona            ||     3
Armor: Robe              ||     3
Dodge: Dodged            ||    16
